 Dungeon Crawl Stone Soup version 0.28-a0-1159-g27aa881441 (webtiles) character file.

Game seed: 8257978973256302691

9049 SensoryNuts the Carver (level 11, -2/84 HPs)
             Began as a Demonspawn Fighter on Dec 15, 2021.
             Was an Initiate of Gozag.
             Succumbed to an orange demon's poison
             ... on level 11 of the Dungeon.
             The game lasted 00:16:36 (12259 turns).

SensoryNuts the Carver (Demonspawn Fighter)        Turns: 12259, Time: 00:16:37

Health: -2/84      AC: 16    Str: 24    XL:     11   Next: 17%
Magic:  11/11      EV:  9    Int:  9    God:    Gozag
Gold:   583        SH:  5    Dex: 16    Spells: 10/10 levels left

rFire   . . .      SeeInvis .   p - +11 eveningstar of Bodily Harmony {vorpal, Fly Str+3 Dex+3}
rCold   . . .      Faith    .   c - +0 buckler
rNeg    + . .      Spirit   .   e - +3 chain mail {rN+}
rPois   .          Reflect  .   (no helmet)
rElec   .          Harm     .   (no cloak)
rCorr   .          Rampage  .   (no gloves)
Will    .....                   (no boots)
Stlth   ..........              (no amulet)
HPRegen 0.24/turn               (no ring)
MPRegen 0.12/turn               (no ring)

@: mighty, lethally poisoned (-2 -> -13), gold aura, attractive, flying
A: molten scales 1, powered by pain 1, spiny 3, talons 1, deterioration 1
a: Renounce Religion, Potion Petition, Call Merchant, Bribe Branch


You were on level 11 of the Dungeon.
You worshipped Gozag.
Gozag was pleased with you.
You visited 2 branches of the dungeon, and saw 12 of its levels.

You collected 1142 gold pieces.
You spent 440 gold pieces at shops.
You paid 119 gold pieces to Gozag.

Inventory:

Hand Weapons
 a - a +1 long sword
 n - a +6 scimitar
 p - the +11 eveningstar of Bodily Harmony (weapon) {vorpal, Fly Str+3 Dex+3}
   (You bought it in a shop on level 4 of the Dungeon)

   It inflicts extra damage upon your enemies.
   Str:       It affects your strength (+3).
   Dex:       It affects your dexterity (+3).
   Fly:       It grants you flight.
Missiles
 d - a throwing net (quivered)
Armour
 b - a +0 scale mail
 c - a +0 buckler (worn)
 e - a +3 chain mail of positive energy (worn)
 j - a +0 plate armour
 l - a +0 cloak
Jewellery
 i - a ring of wizardry
 r - a +4 ring of protection
Wands
 k - a wand of mindburst (13)
Scrolls
 g - a scroll of fog
 h - 2 scrolls of magic mapping
 m - 4 scrolls of teleportation
 o - 5 scrolls of vulnerability
 q - a scroll of holy word {unknown}
 s - a scroll of enchant armour
 v - a scroll of identify {unknown}
Potions
 t - 2 potions of attraction


   Skills:
 + Level 7.0 Fighting
 + Level 9.3 Long Blades
 * Level 6.8 Maces & Flails
 + Level 8.4 Armour
 + Level 2.5 Dodging
 + Level 1.8 Stealth
 + Level 5.3 Shields


You had 10 spell levels left.
You didn't know any spells.
Your spell library contained the following spells:

 Spells                   Type           Power      Damage    Failure   Level
 Animate Skeleton         Necr           0%         N/A       93%         1
 Apportation              Tloc           0%         N/A       93%         1
 Shock                    Conj/Air       0%         1d3       93%         1
 Summon Small Mammal      Summ           0%         N/A       93%         1
 Corpse Rot               Necr/Air       0%         N/A       98%         2
 Frozen Ramparts          Ice            0%         1d2       100%        3
 Swiftness                Air            0%         N/A       100%        3
 Airstrike                Air            0%         N/A       100%        4
 Dispel Undead            Necr           0%         3d6       100%        4
 Ice Form                 Ice/Tmut       0%         N/A       100%        4
 Summon Ice Beast         Ice/Summ       0%         N/A       100%        4
 Death Channel            Necr           0%         N/A       100%        6


Dungeon Overview and Level Annotations

Branches:
Dungeon (11/15)            Temple (1/1) D:7            Lair (0/6) D:10
    Orc: D:9-12

Altars:
Ashenzari
Cheibriados
Dithmenos
Elyvilon
Fedhas
Gozag
Hepliaklqana
Kikubaaqudgha
Makhleb
Nemelex Xobeh
Okawaru
Qazlal
Ru
Sif Muna
Trog
Uskayaw
Vehumet
Wu Jian
Xom
Yredelemnul
Zin
The Shining One

Shops:
D:4 (   D:6 ((   D:11 *

Annotations:
D:10 exclusion: oklob plant


Innate Abilities, Weirdness & Mutations

You are partially covered in molten scales. (AC +2)
You sometimes gain a little power by taking damage.
You are completely covered in sharp spines.
You have sharp toenails.
Your body sometimes deteriorates upon taking damage.


Message History

The shadow imp is no longer distracted by gold.
The ufetubus is distracted by your dazzling golden aura.
The shadow is struck by your spines. The shadow hits you.
The ufetubus is distracted by your dazzling golden aura.
The orange demon stings you but does no damage.
The shadow hits you.
You barely miss the shadow.
The ufetubus shouts! x2
Your kick misses the shadow.
The shadow is heavily damaged.
The ufetubus is no longer distracted by gold.
The ufetubus is distracted by your dazzling golden aura.
The orange demon stings you from afar.
* * * LOW HITPOINT WARNING * * *
You are lethally poisoned!
The orange demon poisons you!
The ynoxinul gestures.
The shadow hits you.
* * * LOW HITPOINT WARNING * * *
You block the orange demon's attack.
It was a potion of attraction.
You feel attractive to monsters.
Your surroundings suddenly seem different.
A guardian serpent and a tengu conjurer come into view.
* * * LOW HITPOINT WARNING * * *
You feel very sick.
The guardian serpent shouts!
You hear a shout!
A five-headed hydra comes into view.
The guardian serpent is attracted toward you.
The tengu conjurer is attracted toward you.
The five-headed hydra is attracted toward you.
Unknown command.
Unknown command.
Okay, then.
Okay, then.
The five-headed hydra roars!
You bludgeon the guardian serpent!! Your kick misses the guardian serpent.
The guardian serpent is severely wounded.
You die...
Your body crumbles into a pile of gold.

#. #. .. . ##
#. § #. §.
.... . .. #.
.#.#§#. #. .
#D#..Q#. #..#
#..#.....#..#
#....S..#
#.8@#
#.......#
#########


You could see a five-headed hydra, a guardian serpent and a tengu conjurer.

Vanquished Creatures
  Josephine (D:9)
  A hydra (D:11)
  2 two-headed ogres
  A gargoyle (D:11)
  Joseph (D:7)
  A komodo dragon (D:11)
  A troll (D:10)
  A shadow (D:9)
  4 yaks (D:10)
  4 wraiths (D:9)
  A wyvern (D:9)
  An acid dragon (D:8)
  An ice beast (D:6)
  A sky beast (D:8)
  3 ogres
  2 black bears
  An orc warrior (D:10)
  A hornet zombie (D:6)
  3 centaurs
  A phantom (D:6)
  2 kobold brigands
  2 bullfrogs
  2 scorpions
  A water moccasin zombie (D:5)
  A wyvern skeleton (D:7)
  8 killer bees
  13 wights
  2 vampire bats (D:8)
  8 howler monkeys
  6 centaur zombies
  2 jellies
  2 orc priests
  3 hounds
  2 bullfrog skeletons (D:6)
  Terence (D:2)
  2 iguanas (D:5)
  4 orc wizards
  3 gnolls (D:2)
  2 howler monkey zombies
  4 adders
  A white imp (D:6)
  An ufetubus (D:5)
  2 adder skeletons (D:4)
  3 worms
  3 dart slugs
  24 orcs
  2 ball pythons
  2 bats (D:1)
  A bat skeleton (D:8)
  3 bat zombies (D:8)
  6 endoplasms
  3 giant cockroaches
  5 goblins
  A hobgoblin (D:2)
  3 jackals (D:4)
  16 kobolds
  3 quokkas
  5 frilled lizards
  A jackal skeleton (D:4)
  4 rats
191 creatures vanquished.

Vanquished Creatures (others)
  An orc priest (D:8)
  An orc wizard (D:8)
  An orc (D:8)
  3 plants (D:11)
6 creatures vanquished.

Grand Total: 197 creatures vanquished

Notes
Turn   | Place    | Note
-------+----------+-------------------------------------------
     0 | D:1      | SensoryNuts the Demonspawn Fighter began the quest for the
                  | Orb.
     0 | D:1      | Reached XP level 1. HP: 18/18 MP: 1/1
   223 | D:1      | Found a faded altar of an unknown god.
   342 | D:1      | Gained mutation: You are partially covered in molten
                  | scales. (AC +2) [demonic ancestry]
   342 | D:1      | Reached XP level 2. HP: 21/24 MP: 2/2
   396 | D:1      | Reached skill level 2 in Long Blades
   999 | D:2      | Reached XP level 3. HP: 21/29 MP: 3/3
  1258 | D:2      | HP: 1/29 [gnoll (2)]
  1263 | D:2      | Reached skill level 3 in Long Blades
  1586 | D:2      | Gained mutation: You are partially covered in sharp spines.
                  | [demonic ancestry]
  1586 | D:2      | Reached XP level 4. HP: 35/35 MP: 4/4
  1876 | D:2      | Noticed Terence
  1883 | D:2      | Killed Terence
  2838 | D:3      | You fall into a shaft and drop 2 floors!
  2838 | D:5      | Entered Level 5 of the Dungeon
  2934 | D:4      | Noticed a scorpion
  2940 | D:4      | Killed a scorpion
  2941 | D:4      | Reached skill level 1 in Dodging
  2941 | D:4      | Gained mutation: You are mostly covered in sharp spines.
                  | [demonic ancestry]
  2941 | D:4      | Reached XP level 5. HP: 39/41 MP: 5/5
  3020 | D:4      | Reached skill level 4 in Long Blades
  3186 | D:3      | Found a burning altar of Makhleb.
  3584 | D:4      | Gained mutation: You sometimes gain a little power by
                  | taking damage. [demonic ancestry]
  3584 | D:4      | Reached XP level 6. HP: 44/47 MP: 6/6
  4308 | D:4      | Found Arracu's Antique Weapon Boutique.
  4469 | D:4      | Gained mutation: You are agile. (Dex +2) [potion of
                  | mutation]
  4469 | D:4      | Gained mutation: Your mind is acute. (Int +2) [potion of
                  | mutation]
  4469 | D:4      | Lost mutation: Your mind is acute. (Int +2) [potion of
                  | mutation]
  4469 | D:4      | Gained mutation: Your muscles are strong. (Str +2) [potion
                  | of mutation]
  4542 | D:5      | Reached XP level 7. HP: 12/54 MP: 7/7
  4801 | D:5      | Found a sacrificial altar of Ru.
  4896 | D:5      | Found a hide-covered altar of Uskayaw.
  5423 | D:5      | Reached skill level 5 in Long Blades
  5694 | D:5      | Lost mutation: Your muscles are strong. (Str +2) [potion of
                  | mutation]
  5694 | D:5      | Lost mutation: You are agile. (Dex +2) [potion of mutation]
  5694 | D:5      | Gained mutation: You have hidden genetic defects. [potion
                  | of mutation]
  5694 | D:5      | Gained mutation: You tend to lose your temper in combat.
                  | [potion of mutation]
  5695 | D:5      | Lost mutation: You tend to lose your temper in combat.
                  | [potion of mutation]
  5695 | D:5      | Lost mutation: You have hidden genetic defects. [potion of
                  | mutation]
  5695 | D:5      | Gained mutation: Your body sometimes deteriorates upon
                  | taking damage. [potion of mutation]
  5695 | D:5      | Gained mutation: You have sharp toenails. [potion of
                  | mutation]
  5712 | D:6      | Found Dukiseim's Firing Range.
  5781 | D:6      | Reached skill level 5 in Armour
  5781 | D:6      | Reached XP level 8. HP: 15/61 MP: 8/8
  6083 | D:6      | Reached skill level 6 in Long Blades
  6334 | D:6      | Found Asuzxies's Weapon Emporium.
  6643 | D:7      | Reached skill level 7 in Long Blades
  6753 | D:7      | Reached skill level 5 in Fighting
  7091 | D:7      | Reached XP level 9. HP: 63/68 MP: 9/9
  7382 | D:7      | Noticed Joseph
  7388 | D:7      | Killed Joseph
  7389 | D:7      | Reached skill level 8 in Long Blades
  7626 | D:7      | Found a staircase to the Ecumenical Temple.
  7893 | Temple   | Entered the Ecumenical Temple
  7978 | Temple   | Became a worshipper of Gozag Ym Sagoz the Greedy
  8388 | D:8      | Noticed a two-headed ogre
  8394 | D:8      | Killed a two-headed ogre
  8395 | D:8      | Reached skill level 9 in Long Blades
  8707 | D:8      | Found an ancient bone altar of Kikubaaqudgha.
  9219 | D:4      | Bought a brightly glowing eveningstar for 440 gold pieces
  9219 | D:4      | Identified the +11 eveningstar of Bodily Harmony {vorpal,
                  | Fly Str+3 Dex+3} (You bought it in a shop on level 4 of the
                  | Dungeon)
  9438 | D:9      | Found a blossoming altar of Fedhas.
  9554 | D:9      | Found a sparkling altar of Nemelex Xobeh.
  9723 | D:9      | Gained mutation: You are completely covered in sharp
                  | spines. [demonic ancestry]
  9723 | D:9      | Reached XP level 10. HP: 74/77 MP: 10/10
  9885 | D:9      | Reached skill level 1 in Maces & Flails
  9943 | D:9      | Reached skill level 1 in Stealth
 10538 | D:10     | Entered Level 10 of the Dungeon
 10538 | D:10     | Noticed Josephine
 10554 | D:9      | Killed Josephine
 10555 | D:9      | Reached skill level 5 in Shields
 10915 | D:10     | Found a staircase to the Lair.
 10915 | D:10     | Noticed an oklob plant
 11435 | D:10     | Reached skill level 5 in Maces & Flails
 11492 | D:10     | Noticed a two-headed ogre
 11503 | D:10     | Killed a two-headed ogre
 11766 | D:10     | Reached XP level 11. HP: 45/83 MP: 11/11
 12092 | D:11     | Found Wiwkya Vinke's Demolitions Depot.
 12237 | D:11     | Noticed a seven-headed hydra
 12243 | D:11     | Killed a seven-headed hydra
 12257 | D:11     | HP: 4/84 [shadow (3)]
 12258 | D:11     | HP: 1/84 [poisoned by an orange demon]
 12258 | D:11     | Noticed a five-headed hydra
 12259 | D:11     | Succumbed to an orange demon's poison

Illustrated notes

Levels and vault maps discovered:
D:1:      dpeg_arrival_simpleton_c, layout_loops_ring,
          hellmonk_ecumenical_altar_zigzags, st_stairs_9
D:2:      layout_loops_ring, corexii_corridor_pit, grunt_ministairs_4,
          nicolae_concentric_dashed_squares_mild, uniq_terence
D:3:      layout_basic, lightli_temple_of_fire
D:4:      layout_basic, serial_shops, nicolae_shop_behind_doors
D:5:      layout_gridville, nicolae_ru_awakened_eye, amcnicky_altar_gilded
D:6:      layout_cave_pools, serial_shops, nicolae_square_shop,
          nicolae_shop_firing_range
D:7:      layout_loops_ring, minmay_temple_entry_fiery, lightli_orcish_oven,
          uniq_joseph
D:8:      layout_rooms, kennysheep_vampire_church, lemuel_flame_loot_1
D:9:      layout_loops_corners, mainiacjoe_overflow_concentric_impassable,
          mainiacjoe_overflow_catwalk
D:10:     layout_basic, dpeg_oklobed_lair, uniq_josephine
D:11:     minmay_complete_graph, layout_basic, serial_bayou_pond_b,
          nicolae_blasting_shop
Temple:   compressed_dpeg_circular_temple

Skill      XL: |  1  2  3  4  5  6  7  8  9 10 11 |
---------------+----------------------------------+-----
Long Blades    | 2 3 4 5 7 9 |  9.3
Armour         | 3 4 5 6 7 8 |  8.4
Shields        | 3 4 5 |  5.3
Dodging        | 1 2 |  2.5
Fighting       | 4 5 6 7 |  7.0
Maces & Flails | 5 6 |  6.8
Stealth        | 1 |  1.8

Action                   |  1- 3 |  4- 6 |  7- 9 | 10-12 || total
-------------------------+-------+-------+-------+-------++-------
Melee: Long sword        |    63 |    96 |    89 |       ||   248
       Kick              |       |       |    44 |    33 ||    77
       Scimitar          |       |       |    87 |       ||    87
       Eveningstar       |       |       |    12 |    86 ||    98
  Use: Potion            |     1 |     4 |     7 |     7 ||    19
       Scroll            |       |     7 |     3 |     3 ||    13
 Stab: Distracted        |       |       |     1 |       ||     1
Armor: Scale mail        |    32 |     6 |       |       ||    38
       Plate armour      |       |    35 |       |       ||    35
       Chain mail        |       |       |    93 |    66 ||   159
Dodge: Dodged            |    23 |    23 |    73 |    48 ||   167
Block: Buckler           |    12 |    18 |    51 |    28 ||   109

Table legend: (Time is in decaauts)
 A = Elapsed time spent in this place.
 B = Non-inter-level travel time spent in this place.
 C = Inter-level travel time spent in this place.
 D = Time resting spent in this place.
 E = Time spent auto-exploring this place.
 F = Levels seen in this place.
 G = Mean time per level.
                   A        B        C        D        E       F      G
               +--------+--------+--------+--------+--------+-----+--------+
         Total |  12348 |  11358 |    990 |      0 |   9749 |  12 | 1029.0 |
       Dungeon |  12248 |  11258 |    990 |      0 |   9692 |  11 | 1113.5 |
        Temple |    100 |    100 |      0 |      0 |     57 |   1 |  100.0 |
               +--------+--------+--------+--------+--------+-----+--------+

Top non-repeatable levels by time:
     D:5: 1448 daAuts
     D:7: 1427 daAuts
     D:2: 1390 daAuts
     D:9: 1379 daAuts
    D:10: 1352 daAuts
     D:4: 1212 daAuts
     D:1: 998 daAuts
     D:3: 986 daAuts
     D:6: 960 daAuts
     D:8: 914 daAuts
    D:11: 178 daAuts
  Temple: 100 daAuts
